 Dungeon Crawl Stone Soup version 0.31.0-11-ge490571c62 (webtiles) character file.

Game seed: 1603032987108613052

121026 Daunt the Severer (level 16, -11/91 HPs)
             Began as a Vine Stalker Fighter on Jan 27, 2024.
             Was a High Priest of Okawaru.
             Shot with an arrow by a naga sharpshooter (15 damage)
             ... in the Arena.
             The game lasted 02:25:14 (11333 turns).

Daunt the Severer (Vine Stalker Fighter)           Turns: 11333, Time: 02:25:15

Health: -11/91     AC: 23    Str: 31    XL:     16   Next: 56%
Magic:  0/26       EV: 17    Int:  8    God:    Okawaru [*****.]
Gold:   2994       SH: 12    Dex: 16    Spells: 15/15 levels left

rFire   . . .        a - +7 war axe of Okawaru's Favour {flame, Dex+4}
rCold   . . .        c - +0 buckler
rNeg    + . .        T - +5 plate armour of the Harp {rN+ rCorr Str+6 Dex-4}
rPois   .            N - +0 hat of Inaction {+Inv Slay+3}
rElec   .            K - -1 cloak
rCorr   +            y - +0 pair of gloves
SInv    .            x - +0 pair of boots
Will    +++..        L - amulet of reflection Stlth
                     E - +5 ring of evasion
HPRegen 1.15/turn    G - ring of willpower
MPRegen 0.20/turn

%: reflection, guardian spirit
@: lethally poisoned (-11 -> -11), heroic, weakened, studying Staves, duelling
A: fangs 3, regeneration 1, magic shield, antimagic bite, no potion heal 2
a: Renounce Religion, Evoke Invisibility, Heroism, Finesse, Duel


You were in the Arena.
You worshipped Okawaru.
Okawaru was extremely pleased with you.
You visited 5 branches of the dungeon, and saw 23 of its levels.
You also visited: Sewer, Bailey and Volcano.

You collected 3406 gold pieces.
You spent 412 gold pieces at shops.

Inventory:

Hand Weapons
 a - the +7 war axe of Okawaru's Favour (weapon) {flame, Dex+4}
   (Okawaru gifted it to you on level 3 of the Lair of Beasts)

   Dex+4:     It affects your dexterity (+4).
 D - a +0 broad axe
Missiles
 h - 10 curare-tipped darts
 l - 2 datura-tipped darts
 o - 11 silver javelins
 p - 23 poisoned darts (quivered)
 s - a throwing net
 u - 2 darts of dispersal
 F - 8 boomerangs
 Y - 8 javelins
Armour
 c - a +0 buckler (worn)
 x - a +0 pair of boots (worn)
 y - a +0 pair of gloves (worn)
 K - a -1 cloak (worn)
 N - the +0 hat of Inaction (worn) {+Inv Slay+3}
   (Okawaru gifted it to you on level 3 of the Lair of Beasts)

   Slay+3:    It affects your accuracy & damage with ranged weapons and melee
   (+3).
   +Inv:      It lets you turn invisible.
 T - the +5 plate armour of the Harp (worn) {rN+ rCorr Str+6 Dex-4}
   (You found it in a bailey)

   Str+6:     It affects your strength (+6).
   Dex-4:     It affects your dexterity (-4).
   rN+:       It protects you from negative energy.
   rCorr:     It protects you from acid and corrosion.
 Z - quicksilver dragon scales
Jewellery
 z - a +5 ring of evasion
 E - a +5 ring of evasion (left hand)
 G - a ring of willpower (right hand)
 I - a ring of see invisible
 L - an amulet of reflection (around neck)
 P - a ring of poison resistance
 X - a ring of flight
Wands
 k - a wand of flame (48)
 v - a wand of digging (4)
 B - a wand of polymorph (19)
 M - a wand of light (2)
 O - a wand of mindburst (6)
Scrolls
 f - 3 scrolls of blinking
 g - 3 scrolls of enchant weapon
 j - 5 scrolls of fog
 m - 2 scrolls of revelation
 q - 8 scrolls of teleportation
 r - 2 scrolls of torment {unknown}
 C - 5 scrolls of immolation
 H - 2 scrolls of enchant armour
 J - 7 scrolls of fear
 Q - a scroll of vulnerability {unknown}
 W - 5 scrolls of poison {unknown}
Potions
 b - a potion of cancellation
 d - 3 potions of might
 e - 3 potions of enlightenment
 n - 2 potions of berserk rage
 t - 3 potions of mutation
 w - 10 potions of curing
 A - a potion of magic
 R - 2 potions of lignification
 S - a potion of invisibility
 U - a potion of resistance
 V - 4 potions of haste


   Skills:
 + Level 13.2(18.2) Fighting
 - Level 17.3(22.4) Axes
 - Level 3.0(16.7) Maces & Flails
 - Level 6.0(11.0) Armour
 - Level 3.0(8.0) Dodging
 - Level 5.0(10.0) Shields
 - Level 12.0 Invocations
 + Level 9.0 Evocations


You had 15 spell levels left.
You didn't know any spells.
Your spell library contained the following spells:

 Spells                   Type           Power      Damage    Failure   Level
 Magic Dart               Conj           0%         1d3       97%         1
 Searing Ray              Conj           0%         2d4       99%         2
 Fulminant Prism          Conj/Alch      0%         3d5       100%        4
 Borgnjor's Vile Clutch   Necr/Erth      0%         N/A       100%        5
 Lee's Rapid Deconstruct  Erth           0%         3d4*      100%        5
 Animate Armour           Summ/Erth      Unusable   N/A       N/A         4
 Animate Dead             Necr           Unusable   N/A       N/A         4
 Summon Lightning Spire   Summ/Air       Unusable   N/A       N/A         4
 Death Channel            Necr           Unusable   N/A       N/A         6

Dungeon Overview and Level Annotations

Branches:
Dungeon (11/15)            Temple (1/1) D:5            Lair (5/5) D:11
  Swamp (0/4) Lair:3        Snake (4/4) Lair:2        Slime (0/5) Lair:4
    Orc (2/2) D:11            Elf (0/3) Orc:2         Sewer (visited)
 Bailey (visited)         Volcano (visited)

Altars:
Cheibriados
Dithmenos
Elyvilon
Fedhas
Gozag
Hepliaklqana
Kikubaaqudgha
Makhleb
Nemelex Xobeh
Okawaru
Qazlal
Ru
Sif Muna
Trog
Uskayaw
Vehumet
Wu Jian
Xom
Yredelemnul
The Shining One
Jiyva

Shops:
D:3 ?   D:6 ([?   D:7 (   D:10 ?!   Orc:1 *   Orc:2 [[([*

Annotations:
D:4 1 runed translucent door, Crazy Yiuf
Temple 2 transporters
Lair:4 1 runed translucent door


Innate Abilities, Weirdness & Mutations

You have razor-sharp teeth.
Your natural rate of healing is unusually fast.
When hurt, damage is shared between your health and your magic reserves.
Your bite disrupts and absorbs the magic of your enemies.
Potions cannot restore your health.


Message History

You feel sick.
Your surroundings suddenly seem different. 6 nagas come into view.
A naga is wielding a +2 mace of protection.
A naga mage is wielding a +0 halberd of venom.
A salamander mystic is wielding a +1 quarterstaff of draining.
Found a scroll of identify.
You feel sick.
The naga mage shouts!
The naga sharpshooter shouts!
You hear a shout!
The salamander wields a +0 shortbow of flaming.
It bursts into flame!
The salamander shoots an arrow.
You block the arrow with an invisible shield... and reflect it back!
The arrow hits the salamander!
Unknown command.
Unknown command.
Unknown command.
Unknown command.
Aiming: Duel (7% risk of failure)
Press: ? - help, Dir - move target, f - naga sharpshooter
Aim: a naga sharpshooter, wielding a +0 long sword You enter into single combat with the naga sharpshooter!
The world spins around you as you enter the gateway.
You enter Okawaru's Arena!
Found a gate leading back out of this place.
You feel sick.
The spectator shouts! x8
The naga sharpshooter unwields a +0 long sword.
The naga sharpshooter wields a +0 shortbow.
The naga sharpshooter shoots an arrow.
The arrow closely misses you.
There is an empty arch of ancient stone here.
Okay, then.
Unknown command.
Unknown command.
Unknown command.
Unknown command.
You slice the naga sharpshooter!! You burn the naga sharpshooter.
The naga sharpshooter is heavily wounded.
You feel sick.
The naga sharpshooter gestures wildly while chanting.
The naga sharpshooter magically shoots an arrow.
The arrow hits you!
You die...
Okawaru crowns the naga sharpshooter victorious!

###########
##.p.▓p▓.p.##
##▓▓▓▓▓▓▓▓▓▓▓##
#.▓.........▓.#
#p▓.#.....#.▓p#
#.▓.........▓.#
#▓▓.........▓▓#
#p▓....@....▓p#
#▓▓...N.....▓▓#
#.▓.........▓.#
#p▓.#.....#.▓p#
#.▓.........▓.#
##▓▓▓▓▓▓▓▓▓▓▓##
##.p.▓∩▓.p.##
###########


You could see a naga sharpshooter.

Vanquished Creatures
  Vashnia (Arena)
  Frances (Snake:2)
  5 nagarajas
  Louise (Snake:4)
  2 orc warlords
  The ghost of Caath the Blocker, a journeyman DrFi of Okawaru (Lair:5)
  A fire dragon (Volcano)
  Josephine (Lair:4)
  6 hydras
  3 anacondas
  4 catoblepae
  A two-headed ogre (Orc:2)
  3 boulder beetles
  4 naga warriors
  23 death yaks
  4 naga sharpshooters
  3 shock serpents
  3 orc high priests
  A salamander mystic (Snake:3)
  4 mana vipers
  A deep troll (Orc:1)
  5 lindwurms
  3 naga ritualists (Snake:4)
  4 orc knights
  8 orc sorcerers
  2 salamanders
  2 manticores (Lair:5)
  17 elephants
  A guardian serpent (Snake:4)
  24 black mambas
  2 torpor snails
  3 smoke demons (Volcano)
  9 naga magi
  8 cane toads
  A kobold demonologist (Bailey)
  3 rime drakes
  7 komodo dragons
  4 trolls
  4 hornets
  A polar bear (Lair:5)
  14 blink frogs
  4 dream sheep (Lair:3)
  Sigmund (D:5)
  6 wraiths
  43 yaks
  A vampire (D:9)
  4 wyverns
  5 wargs
  3 fire bats (Lair:2)
  3 steam dragons
  2 basilisks
  Edmund (D:4)
  Menkaure (D:7)
  A swamp worm (Lair:3)
  30 nagas
  2 acid dragons
  13 water moccasins
  A hell hound (Volcano)
  45 orc warriors
  A black bear (D:11)
  2 sky beasts (D:7)
  An ice beast (D:7)
  A crocodile (Orc:2)
  The ghost of Zeo the Shooter, an amateur MiHu (D:3)
  A centaur (D:10)
  4 ogres
  3 phantoms
  26 wolves
  12 bullfrogs
  A wyvern zombie (D:3)
  2 gnoll sergeants
  3 kobold brigands
  2 scorpions
  A water moccasin zombie (D:3)
  8 wights
  4 killer bees (D:8)
  8 electric eels
  3 howler monkeys (D:9)
  A bullfrog skeleton (D:3)
  A gnoll bouda (D:4)
  5 hounds
  A jelly (D:8)
  20 orc priests
  A centaur skeleton (D:3)
  7 iguanas
  Natasha (thrice) (D:4)
  31 orc wizards
  21 gnolls
  9 adders
  A shadow imp (D:3)
  A white imp (D:5)
  2 ufetubi (D:6)
  3 ribbon worms
  13 dart slugs
  104 orcs
  15 ball pythons
  14 endoplasms
  15 giant cockroaches
  11 goblins
  6 hobgoblins
  22 kobolds
  A quokka (D:4)
  7 bats
  13 frilled lizards
  5 rats
778 creatures vanquished.

Vanquished Creatures (others)
  A hound (D:4)
  3 orc wizards (Orc:1)
  An orc (Orc:1)
  A hobgoblin (Bailey)
6 creatures vanquished.

Grand Total: 784 creatures vanquished

Notes
Turn   | Place    | Note
-------+----------+-------------------------------------------
     0 | D:1      | Daunt the Vine Stalker Fighter began the quest for the Orb.
     0 | D:1      | Reached XP level 1. HP: 11/11 MP: 2/2
    80 | D:1      | Reached skill level 2 in Axes
   101 | D:1      | Reached XP level 2. HP: 16/16 MP: 3/3
   145 | D:2      | Found a hazy altar of Hepliaklqana.
   256 | D:3      | Reached XP level 3. HP: 20/20 MP: 4/4
   276 | D:3      | Found a glowing drain.
   294 | Sewer    | Entered a sewer
   304 | Sewer    | Reached skill level 3 in Axes
   407 | Sewer    | Reached XP level 4. HP: 18/24 MP: 3/5
   549 | Sewer    | Reached XP level 5. HP: 28/28 MP: 6/6
   564 | Sewer    | Reached skill level 4 in Axes
   567 | Sewer    | Reached XP level 6. HP: 14/33 MP: 3/7
   762 | D:4      | Reached skill level 5 in Axes
   811 | D:3      | Found Ryen's Magic Scroll Boutique.
   835 | D:3      | Bought a scroll of teleportation for 36 gold pieces
   839 | D:3      | Found a transporter.
   839 | D:3      | Found a transporter.
   839 | D:3      | Noticed Zeo's ghost (amateur MiHu)
   868 | D:3      | Killed Zeo's ghost
   869 | D:3      | Reached XP level 7. HP: 32/38 MP: 5/8
   888 | D:3      | Reached skill level 6 in Axes
   890 | D:3      | Reached skill level 5 in Fighting
  1166 | D:4      | Found a runed translucent door.
  1167 | D:4      | Noticed Crazy Yiuf
  1233 | D:4      | Gained mutation: You have razor-sharp teeth. [Vine Stalker
                  | growth]
  1233 | D:4      | Reached XP level 8. HP: 17/43 MP: 2/9
  1254 | D:4      | Found a shimmering altar of Xom.
  1282 | D:4      | Reached skill level 7 in Axes
  1308 | D:4      | Noticed Natasha
  1312 | D:4      | Killed Natasha
  1330 | D:3      | Bought a scroll of teleportation for 36 gold pieces
  1330 | D:3      | Bought a scroll of identify for 24 gold pieces
  1416 | D:4      | Noticed Natasha
  1438 | D:4      | Killed Natasha
  1548 | D:4      | Found a basalt altar of Yredelemnul.
  1739 | D:4      | Noticed Edmund
  1756 | D:4      | Killed Edmund
  1757 | D:4      | Reached skill level 8 in Axes
  1829 | D:4      | Noticed Natasha
  1834 | D:4      | Killed Natasha
  1922 | D:5      | Entered Level 5 of the Dungeon
  1971 | D:4      | Found a sparkling altar of Nemelex Xobeh.
  2066 | D:5      | Reached XP level 9. HP: 49/50 MP: 8/10
  2243 | D:6      | Found Zyas's Magic Scroll Emporium.
  2253 | D:6      | Bought a scroll of enchant weapon for 82 gold pieces
  2253 | D:6      | Bought a scroll of identify for 22 gold pieces
  2253 | D:6      | Bought a scroll of identify for 22 gold pieces
  2334 | D:5      | Noticed Sigmund
  2337 | D:5      | Killed Sigmund
  2470 | D:5      | Found a staircase to the Ecumenical Temple.
  2479 | Temple   | Found a transporter.
  2479 | Temple   | Found a transporter.
  2479 | Temple   | Found a transporter.
  2479 | Temple   | Found a transporter.
  2479 | Temple   | Entered the Ecumenical Temple
  2494 | Temple   | Became a worshipper of Warmaster Okawaru
  2595 | D:7      | Found a glowing golden altar of the Shining One.
  2605 | D:7      | Noticed a hornet
  2614 | D:7      | Killed a hornet
  2621 | D:7      | Noticed Menkaure
  2625 | D:7      | Killed Menkaure
  2625 | D:7      | Reached * piety under Okawaru
  2711 | D:7      | Found Ulyblat's Antique Weapon Shop.
  2776 | D:6      | Found a sacrificial altar of Ru.
  2776 | D:6      | Found an ancient bone altar of Kikubaaqudgha.
  2817 | D:6      | Found Weilleur's Armour Shop.
  2887 | D:6      | Found Jodiggyn's Weapon Shop.
  3053 | D:8      | Noticed a hornet
  3057 | D:8      | Paralysed by a hornet for 3 turns
  3065 | D:8      | Paralysed by a hornet for 2 turns
  3072 | D:8      | Killed a hornet
  3073 | D:8      | Reached skill level 10 in Fighting
  3110 | D:8      | Reached ** piety under Okawaru
  3111 | D:8      | Reached XP level 10. HP: 41/59 MP: 11/11
  3191 | D:9      | Found an ornate altar of the Wu Jian Council.
  3370 | D:8      | Reached skill level 1 in Invocations
  3594 | D:8      | Reached skill level 1 in Maces & Flails
  3745 | D:10     | Entered Level 10 of the Dungeon
  3751 | D:10     | Reached *** piety under Okawaru
  4010 | D:10     | Reached skill level 5 in Invocations
  4197 | D:10     | Found Weulo's Magic Scroll Emporium.
  4200 | D:10     | Bought a scroll of noise for 14 gold pieces
  4200 | D:10     | Bought a scroll of fear for 56 gold pieces
  4312 | D:10     | Found a flagged portal.
  4325 | Bailey   | Entered a bailey
  4491 | Bailey   | Reached **** piety under Okawaru
  4519 | Bailey   | Reached XP level 11. HP: 65/65 MP: 14/17
  4620 | Bailey   | Noticed an orc knight
  4646 | Bailey   | Killed an orc knight
  4819 | Bailey   | Found an iron altar of Okawaru.
  4819 | Bailey   | Noticed an orc sorcerer
  4833 | Bailey   | Killed an orc sorcerer
  4834 | Bailey   | Reached skill level 9 in Axes
  4839 | Bailey   | Found the +9 sword of Zonguldrok {reap}
  4844 | Bailey   | Identified the +10 mace of the Heavens {pain, *Rage rC+++
                  | Str+4 Int-3}
  4852 | Bailey   | Identified the +5 plate armour of the Harp {rN+ rCorr Str+6
                  | Dex-4}
  5106 | D:10     | Found Jeos's Distillery.
  5115 | D:10     | Bought a potion of haste for 120 gold pieces
  5314 | D:11     | Reached ***** piety under Okawaru
  5352 | D:11     | Received a gift from Okawaru
  5367 | D:11     | Found a staircase to the Orcish Mines.
  5381 | Orc:1    | Entered Level 1 of the Orcish Mines
  5385 | Orc:1    | Noticed an orc warlord
  5386 | Orc:1    | Reached skill level 10 in Axes
  5402 | Orc:1    | Killed an orc warlord
  5409 | Orc:1    | Noticed an orc sorcerer
  5422 | Orc:1    | Killed an orc sorcerer
  5543 | Orc:2    | Entered Level 2 of the Orcish Mines
  5543 | Orc:2    | Noticed a two-headed ogre
  5550 | Orc:2    | Killed a two-headed ogre
  5551 | Orc:2    | Reached XP level 12. HP: 65/70 MP: 19/19
  5627 | Orc:1    | Reached skill level 11 in Axes
  5898 | Orc:2    | Found a staircase to the Elven Halls.
  5943 | Orc:2    | Noticed Sonja
  5944 | Orc:2    | Sonja changed into Sonja the crocodile
  5944 | Orc:2    | Noticed Sonja
  5955 | Orc:2    | Killed Sonja the crocodile
  5966 | Orc:2    | Received a gift from Okawaru
  6050 | Orc:2    | Noticed an orc high priest
  6059 | Orc:2    | Killed an orc high priest
  6060 | Orc:2    | Found Kikh's Armour Shop.
  6116 | Orc:2    | Reached skill level 12 in Axes
  6116 | Orc:2    | Reached skill level 10 in Invocations
  6133 | Orc:2    | Found Liengathrai's Antique Armour Shop.
  6209 | Orc:1    | Found Utedwiyh's Assorted Antiques.
  6209 | Orc:1    | Noticed an orc high priest
  6261 | Orc:1    | Killed an orc high priest
  6267 | Orc:1    | Received a gift from Okawaru
  6380 | Orc:2    | Found Fas Jaijyxt's General Store.
  6558 | Orc:2    | Reached skill level 13 in Axes
  6582 | Orc:2    | Reached XP level 13. HP: 74/74 MP: 22/22
  6648 | Orc:2    | Noticed an orc warlord
  6675 | Orc:2    | Killed an orc warlord
  6690 | Orc:2    | Found Likahalu's Antique Weapon Shop.
  6694 | Orc:2    | Found Ynkeityj's Antique Armour Boutique.
  6840 | D:11     | Found a staircase to the Lair.
  6941 | Lair:1   | Entered Level 1 of the Lair of Beasts
  7138 | Lair:1   | Received a gift from Okawaru
  7139 | Lair:1   | Reached skill level 14 in Axes
  7464 | Lair:2   | Received a gift from Okawaru
  7469 | Lair:2   | Found a dark tunnel.
  7497 | Volcano  | Entered a volcano
  7576 | Volcano  | Reached skill level 1 in Dodging
  7652 | Volcano  | Noticed a fire dragon
  7683 | Volcano  | Killed a fire dragon
  7684 | Volcano  | Reached skill level 15 in Axes
  7906 | Lair:2   | Found a staircase to the Snake Pit.
  7955 | Lair:2   | Reached XP level 14. HP: 79/79 MP: 24/24
  8280 | Lair:3   | Reached ****** piety under Okawaru
  8280 | Lair:3   | Received a gift from Okawaru
  8293 | Lair:3   | Acquired the +0 hat of Inaction {+Inv Slay+3}
  8293 | Lair:3   | Received a gift from Okawaru
  8295 | Lair:3   | Acquired the +7 war axe of Okawaru's Favour {flame, Dex+4}
  8295 | Lair:3   | Received a gift from Okawaru
  8301 | Lair:3   | Acquired 799 gold pieces
  8411 | Lair:3   | Found a staircase to the Swamp.
  8433 | Lair:3   | Found an ornate altar of the Wu Jian Council.
  8650 | Lair:4   | Received a gift from Okawaru
  8660 | Lair:4   | Reached skill level 1 in Evocations
  8683 | Lair:4   | Found a runed translucent door.
  8684 | Lair:4   | Found a viscous altar of Jiyva.
  8685 | Lair:4   | Noticed an acid blob
  8685 | Lair:4   | Noticed an acid blob
  8686 | Lair:4   | Found a staircase to the Slime Pits.
  8732 | Lair:4   | Reached skill level 16 in Axes
  8820 | Lair:3   | Reached skill level 5 in Armour
  8990 | Lair:5   | Entered Level 5 of the Lair of Beasts
  9079 | Lair:4   | Received a gift from Okawaru
  9182 | Lair:5   | Reached XP level 15. HP: 34/82 MP: 25/25
  9202 | Lair:5   | Noticed Caath's ghost (journeyman DrFi)
  9204 | Lair:5   | Found a transporter.
  9232 | Lair:5   | Found a transporter.
  9267 | Lair:5   | Killed Caath's ghost
  9274 | Lair:5   | Received a gift from Okawaru
  9288 | Lair:5   | Reached skill level 17 in Axes
  9437 | Lair:5   | Reached skill level 5 in Evocations
  9455 | Lair:5   | Received a gift from Okawaru
  9551 | Lair:5   | Got an earthy gem with 1565 turns to spare
  9700 | Lair:4   | Noticed Josephine
  9708 | Lair:4   | Killed Josephine
  9847 | Snake:1  | Entered Level 1 of the Snake Pit
  9942 | Snake:2  | Noticed Vashnia
 10046 | Snake:1  | Received a gift from Okawaru
 10140 | Snake:2  | Noticed a nagaraja
 10143 | Snake:2  | Noticed Frances
 10150 | Snake:2  | Killed a nagaraja
 10160 | Snake:2  | Killed Frances
 10208 | Snake:3  | Noticed a nagaraja
 10217 | Snake:3  | Killed a nagaraja
 10259 | Arena    | Entered the Arena
 10274 | Arena    | Killed Vashnia
 10275 | Arena    | Reached skill level 5 in Shields
 10330 | Snake:2  | Reached XP level 16. HP: 48/88 MP: 26/26
 10644 | Snake:3  | Acquired 829 gold pieces
 10668 | Snake:4  | Entered Level 4 of the Snake Pit
 10682 | Snake:4  | Noticed a nagaraja
 10691 | Snake:4  | Killed a nagaraja
 10691 | Snake:4  | Received a gift from Okawaru
 10887 | Snake:4  | Identified the +0 tower shield "Hikui" {Harm Str+3}
 10887 | Snake:4  | Noticed Louise
 10903 | Snake:4  | Killed Louise
 11239 | Snake:4  | Noticed a nagaraja
 11258 | Snake:4  | Killed a nagaraja
 11258 | Snake:4  | Received a gift from Okawaru
 11295 | Snake:4  | Noticed a nagaraja
 11311 | Snake:4  | Killed a nagaraja
 11332 | Arena    | Entered the Arena
 11332 | Arena    | HP: 4/91 [poisoned by a naga ritualist (toxic radiance)]
 11333 | Arena    | Shot with an arrow by a naga sharpshooter

Illustrated notes

Levels and vault maps discovered:
D:1:      ncdulo_halloftheorcs, layout_rooms, wad_floor_pattern_2,
          kennysheep_crisscross, minmay_small_reverse_x
D:2:      layout_basic, basic_altar
D:3:      layout_basic, gammafunk_ghost_mausoleum,
          mainiacjoe_sewer_entry_somewhere_in_here_1, serial_shops, shop,
          glass_columns_c
D:4:      layout_cave_pods, xom_confusion_cloud,
          mainiacjoe_overflow_concentric_impassable, nemelex_dance_club_becter,
          minmay_joined_circles, uniq_crazy_yiuf_cottage, uniq_natasha,
          uniq_edmund
D:5:      layout_gridville, minmay_temple_entry_butterflies, uniq_sigmund
D:6:      layout_rooms, mainiacjoe_overflow_alcove_2, zin_purify,
          gammafunk_temple_overflow_wave, serial_rivers,
          chequers_serial_rivers_micro_d, chequers_serial_rivers_room_b,
          chequers_serial_rivers_large_b, chequers_serial_rivers_micro_e,
          chequers_serial_rivers_small_b, chequers_serial_rivers_small_3,
          serial_shops, nicolae_shop_bloodbath_and_beyond,
          nicolae_shop_scrapyard, nicolae_shop_tiny_waterfront, shop
D:7:      layout_rooms, mainiacjoe_overflow_boulevard, serial_shops,
          nicolae_shop_gibbet_a_chance, uniq_menkaure
D:8:      layout_loops_ring
D:9:      layout_cave_pools, lemuel_coloured_pillars_altar, hex_large,
          grunt_ministairs_9
D:10:     layout_irregular_city, enter_bailey_7, serial_shops,
          nicolae_shop_rolled_up, nicolae_lakefront_shop,
          grunt_decor_mini_mirrors, hex_medium
D:11:     layout_irregular_city, david_lair_generic, david_orc_4
Temple:   hellmonk_temple_divided_pantheon
Lair:1:   layout_hall_layers, minmay_lair_oklob_items,
          infiniplex_staircase_pool_2, lemuel_fruit_tree, serial_bayou_shore_a,
          grunt_megastairs_3
Lair:2:   layout_cave_pods, alex1729_snake_entry_snake,
          nicolae_volcano_entry_batcave
Lair:3:   layout_regular_city, minmay_swamp_entry_worms, basic_altar,
          serial_bayou, serial_bayou_shore_b, serial_bayou_pond_e,
          serial_bayou_pond_c, serial_bayou_lake_a, serial_bayou_pond_b,
          grunt_forest_small_clearing_treed
Lair:4:   layout_loops_ring, slime_entry_2, serial_bayou_pond_e, uniq_josephine
Lair:5:   evilmike_catoblepas_cave, layout_misc_corridors, nzn_ghost_randoct
Snake:1:  layout_layer_cave
Snake:2:  layout_onion_interference, basic_altar, uniq_vashnia, uniq_frances
Snake:3:  layout_layer_cave, grunt_megastairs_1, minmay_shoptagon, uniq_mara
Snake:4:  snake_pit, layout_cave_town, serial_bayou_shore_b,
          nicolae_triple_integral, uniq_louise
Orc:1:    layout_diamond_mine, lemuel_statue_altar, guppyfry_orc_lava_fort
Orc:2:    grunt_orc_community_town_hall, layout_caves,
          grunt_orc_community_big_house_2, grunt_orc_community_big_house_1,
          grunt_orc_community_house_3, grunt_orc_community_house_3,
          grunt_orc_community_house_3, grunt_orc_community_house_3,
          grunt_orc_community_house_3, grunt_orc_community_house_3,
          serial_shops, nicolae_lakefront_shop, uniq_sonja
Arena

Skill      XL: |  1  2  3  4  5  6  7  8  9 10 11 12 13 14 15 16 |
---------------+-------------------------------------------------+-----
Axes           | 2 3 4 5 6 8 10 13 15 16 17 | 17.3
Fighting       | 3 4 5 7 10 11 12 13 | 13.2
Invocations    | 6 9 10 12 | 12.0
Maces & Flails | 3 |  3.0
Dodging        | 1 3 |  3.0
Armour         | 3 5 6 |  6.0
Evocations     | 3 6 9 |  9.0
Shields        | 5 |  5.0

Action                     |  1- 3 |  4- 6 |  7- 9 | 10-12 | 13-15 | 16-18 || total
---------------------------+-------+-------+-------+-------+-------+-------++-------
  Melee: War axe           |   100 |   112 |   179 |   270 |   817 |   177 ||  1655
         Bite              |    19 |    25 |    97 |   222 |   309 |    65 ||   737
         Dire flail        |       |       |   133 |   248 |       |       ||   381
         Broad axe         |       |       |       |   211 |       |       ||   211
  Throw: Stone             |       |       |     2 |     2 |       |       ||     4
         Throwing net      |       |       |     2 |       |       |       ||     2
         Dart              |       |       |       |       |     8 |     1 ||     9
 Invoke: Heroism           |       |       |     1 |     9 |    11 |     4 ||    25
         Finesse           |       |       |       |     2 |     4 |     1 ||     7
         Receive Weapon    |       |       |       |       |     1 |       ||     1
         Receive Armour    |       |       |       |       |     1 |       ||     1
         Duel              |       |       |       |       |     1 |     1 ||     2
  Evoke: Wand              |       |       |     2 |     1 |       |       ||     3
    Use: Potion            |       |       |     1 |     1 |       |       ||     2
         Scroll            |       |       |     9 |     4 |     4 |     4 ||    21
   Stab: Confused          |       |       |       |     3 |       |       ||     3
         Petrified         |       |       |       |       |     8 |       ||     8
 Armour: Scale mail        |    72 |    67 |   106 |       |       |       ||   245
         Chain mail        |       |       |    15 |       |       |       ||    15
         Ring mail         |       |       |    81 |     5 |       |       ||    86
         Quicksilver drago |       |       |       |    70 |       |       ||    70
         Plate armour      |       |       |       |   235 |   399 |    90 ||   724
  Dodge: Dodged            |    45 |    40 |   186 |   427 |   395 |    75 ||  1168
  Block: Buckler           |    29 |    21 |    32 |   179 |   343 |    69 ||   673
         Other             |       |       |    21 |    51 |       |       ||    72
         Reflection        |       |       |     1 |     4 |    11 |     8 ||    24
